 Dungeon Crawl Stone Soup version 0.19-a0-1676-g39ae8cc (webtiles) character file.

48476 Amnesiac the Shatterer (level 14, -1/146 HPs)
             Began as an Ogre Wizard on Sept 23, 2016.
             Was the Champion of Okawaru.
             Slain by a naga warrior
             ... wielding a +0 flail
              (17 damage)
             ... on level 1 of the Snake Pit.
             The game lasted 00:57:38 (18796 turns).

Amnesiac the Shatterer (Ogre Wizard)               Turns: 18796, Time: 00:57:39

Health: -1/146     AC: 19    Str: 18    XL:     14   Next: 46%
Magic:  20/20      EV: 11    Int: 21    God:    Okawaru [******]
Gold:   756        SH:  0    Dex: 16    Spells: 6 memorised, 8 levels left

rFire  . . .     SeeInvis .     Y - +2 giant spiked club (vamp)
rCold  + + .     Gourm    .     L - +3 pearl dragon armour of Action {rC+ rN+ Int+4}
rNeg   + . .     Faith    .     (shield currently unavailable)
rPois  +         Spirit   .     b - +2 hat
rElec  .         Dismiss  .     N - +2 cloak
rCorr  .         Reflect  .     (gloves unavailable)
MR     +....     Harm     .     (boots unavailable)
Stlth  ..........               A - amulet of regeneration
                                m - ring of poison resistance
                                s - ring of Erre {rC+ Str+3 Dex+4}

@: lethally poisoned (-1 -> -13), slowed, very slow
A: unfitting armour, tough skin 1
a: Heroism, Finesse, Renounce Religion


You were on level 1 of the Snake Pit.
You worshipped Okawaru.
Okawaru was exalted by your worship.
You were not hungry.

You visited 4 branches of the dungeon, and saw 16 of its levels.

You collected 756 gold pieces.

Inventory:

Hand Weapons
 x - the +3 giant spiked club of the Present {elec, Str+4}
   (Okawaru gifted it to you on level 6 of the Lair of Beasts)

   Occasionally, upon striking a foe, it will discharge some electrical energy
   and cause terrible harm.
   It affects your strength (+4).
 Y - a +2 vampiric giant spiked club (weapon)
Armour
 b - a +2 hat (worn)
 L - the +3 pearl dragon armour of Action (worn) {rC+ rN+ Int+4}
   (Okawaru gifted it to you on level 4 of the Lair of Beasts)

   It affects your intelligence (+4).
   It protects you from cold.
   It protects you from negative energy.
 N - a +2 cloak (worn)
Jewellery
 f - an uncursed ring of stealth
 h - an uncursed ring of see invisible
 m - a ring of poison resistance (right hand)
 q - a +2 ring of strength
 s - the ring of Erre (left hand) {rC+ Str+3 Dex+4}
   (You found it on level 4 of the Dungeon)

   [ring of protection from cold]

   It affects your strength (+3).
   It affects your dexterity (+4).
   It protects you from cold.
 A - an amulet of regeneration (around neck)
 B - a +2 ring of intelligence
 D - an uncursed ring of protection from fire
 R - an uncursed ring of protection from fire
 T - an uncursed amulet of the gourmand
Wands
 y - a wand of disintegration (15/24)
 C - a wand of hasting (6/9)
 G - a wand of teleportation (4/9)
Scrolls
 a - a scroll of silence
 l - 3 scrolls of teleportation
 p - 5 scrolls of remove curse
 t - a scroll of recharging
 E - 4 scrolls of magic mapping
 H - 2 scrolls of identify
Potions
 g - 5 potions of heal wounds
 i - 3 potions of brilliance
 j - a potion of berserk rage
 k - a potion of flight
 o - 2 potions of agility
 v - a potion of might
 I - a potion of cancellation
 J - 5 potions of curing
 K - a potion of haste
Books
 c - a book of Minor Magic

   Spells                             Type                      Level
   a - Magic Dart                     Conjuration                  1
   b - Blink                          Translocation                2
   c - Call Imp                       Summoning                    2
   d - Repel Missiles                 Charms/Air                   2
   e - Slow                           Hexes                        2
   f - Conjure Flame                  Conjuration/Fire             3
   g - Mephitic Cloud                 Conjuration/Poison/Air       3
 e - a book of Alchemy

   Spells                             Type                      Level
   a - Sublimation of Blood           Necromancy                   2
   b - Ignite Poison                  Fire/Transmutation/Poison    3
   c - Petrify                        Transmutation/Earth          4
   d - Alistair's Intoxication        Transmutation/Poison         5
   e - Irradiate                      Conjuration/Transmutation    5
 n - a book of Summonings

   Spells                             Type                      Level
   a - Recall                         Summoning/Translocation      3
   b - Aura of Abjuration             Summoning                    5
   c - Summon Demon                   Summoning                    5
   d - Summon Forest                  Summoning/Translocation      5
   e - Summon Mana Viper              Hexes/Summoning              5
   f - Shadow Creatures               Summoning                    6
 r - a book of Misfortune

   Spells                             Type                      Level
   a - Confusing Touch                Hexes                        1
   b - Confuse                        Hexes                        3
   c - Gell's Gravitas                Hexes/Translocation          3
   d - Petrify                        Transmutation/Earth          4
   e - Metabolic Englaciation         Hexes/Ice                    5
   f - Yara's Violent Unravelling     Hexes/Transmutation          5
 u - a book of the Warp

   Spells                             Type                      Level
   a - Gell's Gravitas                Hexes/Translocation          3
   b - Force Lance                    Conjuration/Translocation    4
   c - Summon Forest                  Summoning/Translocation      5
   d - Dispersal                      Translocation                6
   e - Controlled Blink               Translocation                8
   f - Disjunction                    Translocation                8
Comestibles
 d - 9 bread rations
 z - 6 meat rations
 F - a beef jerky
 P - 3 slices of pizza
 Q - 8 fruits
 U - 9 royal jellies


   Skills:
 - Level 11.2 Fighting
 + Level 23.8 Maces & Flails
 - Level 8.0 Dodging
 - Level 1.5 Stealth
 - Level 4.0 Spellcasting
 - Level 4.0 Conjurations
 - Level 0.6 Summonings
 - Level 0.6 Translocations


You had 8 spell levels left.
You knew the following spells:

 Your Spells              Type           Power        Failure   Level  Hunger
a - Repel Missiles        Chrm/Air       #.....       78%         2    #......
b - Blink                 Tloc           N/A          67%         2    #......
d - Call Imp              Summ           #.......     67%         2    #......
e - Mephitic Cloud        Conj/Pois/Air  #.......     89%         3    ###....
f - Magic Dart            Conj           ###.         12%         1    None
s - Conjure Flame         Conj/Fire      ##......     71%         3    ###....


Dungeon Overview and Level Annotations

Branches:
Dungeon (8/15)             Temple (1/1) D:6            Lair (6/6) D:8
 Shoals (0/4) Lair:3        Snake (1/4) Lair:2        Slime (0/5) Lair:6

Altars:
Ashenzari
Cheibriados
Dithmenos
Gozag
Kikubaaqudgha
Okawaru
Ru
Trog
Uskayaw
Vehumet
Xom
Yredelemnul
Zin
Jiyva

Shops:
D:2 *


Innate Abilities, Weirdness & Mutations

You are too large for most types of armour.
You have tough skin. (AC +1)


Message History

(? for menu, Esc to cancel) < or
s - the ring of Erre {rC+ Str+3 Dex+4} > or
q - a +2 ring of strength You remove your +2 ring of strength.
You feel weaker.
You feel sick.
The naga mage gestures at you while chanting.
The poison arrow misses you. The naga warrior hits you with a flail!
* * * LOW HITPOINT WARNING * * *
x2 The naga warrior constricts you.
m - a ring of poison resistance (right hand)
You feel sick. The naga mage spits poison at you.
The splash of poison hits you! You resist.
* * * LOW HITPOINT WARNING * * *
Unknown command.
You escape the naga warrior's grasp.
You feel very sick. The naga warrior hits you with a flail!
You die...

#...........# ##...####
#.##........###....#
....##.....###.....#
.###..##...#..#....## ##
###....#.#####)..######
###...#######.......#
##.##..............
#..........).......
........_.@.........
...........NN.........
.............)..........
....#.........##........
####..........##...(....
#..........###.......
....... ...... .......
..... ....... ....


You could see a naga warrior and a naga mage.

Vanquished Creatures
  Rupert (Lair:5)
  A fire dragon (Lair:6)
  A naga warrior (Snake:1)
  4 hydras
  2 anacondas (Snake:1)
  11 death yaks
  A naga sharpshooter (Snake:1)
  3 shock serpents
  A salamander mystic (Snake:1)
  A mana viper (Snake:1)
  A salamander (Snake:1)
  13 elephants
  2 guardian serpents (Snake:1)
  8 black mambas
  A siren (Lair:3)
  10 spiny frogs
  2 naga magi (Snake:1)
  3 rime drakes
  11 komodo dragons
  A two-headed ogre (D:8)
  3 hippogriffs
  13 blink frogs
  12 dream sheep
  Sigmund (D:2)
  12 yaks
  A basilisk (Lair:4)
  A steam dragon (Lair:6)
  11 nagas
  4 porcupines
  8 water moccasins
  3 swamp drakes (Lair:6)
  A black bear (D:8)
  4 ice beasts
  3 wasps (D:8)
  3 sky beasts
  An orc warrior (D:8)
  3 ogres
  A centaur (D:8)
  4 wolves (Lair:5)
  15 crocodiles
  2 big kobolds (D:8)
  9 bullfrogs
  A scorpion (D:7)
  4 wights (D:8)
  3 howler monkeys
  An electric eel (Lair:3)
  4 crimson imps
  3 jellies
  A hound (D:6)
  6 orc priests
  6 orc wizards
  Crazy Yiuf (D:3)
  A bullfrog skeleton (D:7)
  Jessica (D:3)
  18 iguanas
  Natasha (thrice) (D:2)
  7 worker ants
  Ijyb (D:2)
  A hound skeleton (D:6)
  A worker ant zombie (D:8)
  8 adders
  4 gnolls (D:6)
  28 river rats
  A shadow imp (D:6)
  2 adder skeletons
  An adder zombie (D:6)
  3 worms
  5 dart slugs
  2 leopard geckos
  25 orcs
  3 bats (D:1)
  9 giant cockroaches
  13 goblins
  7 hobgoblins
  10 jackals
  6 quokkas
  2 ball pythons
  7 frilled lizards
  A jackal zombie (D:6)
  25 kobolds
  A leopard gecko skeleton (D:4)
  14 rats
433 creatures vanquished.

Vanquished Creatures (collateral kills)
  Grinder (D:4)
1 creature vanquished.

Vanquished Creatures (others)
  An iguana (Lair:6)
  4 fungi
  8 plants
13 creatures vanquished.

Grand Total: 447 creatures vanquished

Notes
Turn   | Place    | Note
-------+----------+-------------------------------------------
     0 | D:1      | Amnesiac the Ogre Wizard began the quest for the Orb.
     0 | D:1      | Reached XP level 1. HP: 16/16 MP: 5/5
   302 | D:1      | Reached XP level 2. HP: 24/24 MP: 4/7
   334 | D:1      | Learned a level 2 spell: Repel Missiles
   337 | D:1      | Learned a level 2 spell: Call Imp
   349 | D:1      | Reached skill level 1 in Conjurations
   810 | D:1      | Reached XP level 3. HP: 31/31 MP: 6/8
   815 | D:1      | Learned a level 3 spell: Mephitic Cloud
   819 | D:2      | Noticed Sigmund
  1256 | D:2      | Killed Sigmund
  1256 | D:2      | Reached XP level 4. HP: 29/39 MP: 2/10
  1256 | D:2      | Reached XP level 5. HP: 33/45 MP: 2/11
  1477 | D:2      | Found an opulent altar of Gozag.
  1606 | D:2      | Found Gozag's Platinum Reserve.
  1615 | D:2      | Noticed Ijyb
  1628 | D:2      | Killed Ijyb
  1628 | D:2      | Reached skill level 1 in Maces & Flails
  1628 | D:2      | Reached XP level 6. HP: 54/54 MP: 2/12
  1735 | D:2      | Found a snail-covered altar of Cheibriados.
  1739 | D:2      | Found a radiant altar of Vehumet.
  1739 | D:2      | Found an ancient bone altar of Kikubaaqudgha.
  1740 | D:2      | Found a bloodstained altar of Trog.
  1743 | D:2      | Found a glowing silver altar of Zin.
  1857 | D:2      | Noticed Natasha
  1906 | D:3      | Learned a level 2 spell: Blink
  1919 | D:4      | Got a flickering bone ring
  1921 | D:4      | Identified the ring of Erre {rC+ Str+3 Dex+4} (You found it on level 4 of the Dungeon)
  1937 | D:4      | Reached skill level 1 in Fighting
  1946 | D:4      | Learned a level 3 spell: Conjure Flame
  2258 | D:4      | Reached skill level 2 in Maces & Flails
  2307 | D:4      | Reached skill level 3 in Maces & Flails
  2373 | D:4      | Reached XP level 7. HP: 59/66 MP: 7/13
  2409 | D:4      | Noticed Grinder
  2414 | D:4      | Paralysed by Grinder for 7 turns
  2536 | D:4      | Reached skill level 4 in Maces & Flails
  2603 | D:4      | Paralysed by Grinder for 7 turns
  3025 | D:4      | Paralysed by Grinder for 3 turns
  3048 | D:4      | Killed Grinder
  3048 | D:4      | Reached skill level 5 in Maces & Flails
  3358 | D:5      | Entered Level 5 of the Dungeon
  3638 | D:5      | Reached skill level 6 in Maces & Flails
  3638 | D:5      | Reached XP level 8. HP: 79/79 MP: 9/14
  3844 | D:5      | Found a shadowy altar of Dithmenos.
  3977 | D:5      | Gained mutation: You have a pair of small horns on your head. [mutagenic meat]
  3980 | D:5      | Gained mutation: You occasionally shout uncontrollably at your foes. [mutagenic meat]
  3983 | D:5      | Gained mutation: Your mind is acute. (Int +2) [mutagenic meat]
  3986 | D:5      | Lost mutation: You occasionally shout uncontrollably at your foes. [mutagenic meat]
  3989 | D:5      | Gained mutation: Your body sometimes deteriorates upon taking damage. [mutagenic meat]
  3992 | D:5      | Gained mutation: You have large cloven feet. [mutagenic meat]
  4320 | D:5      | Reached skill level 5 in Fighting
  4320 | D:5      | Reached skill level 7 in Maces & Flails
  4899 | D:6      | Reached skill level 8 in Maces & Flails
  5063 | D:6      | Found a staircase to the Ecumenical Temple.
  5086 | Temple   | Entered the Ecumenical Temple
  5110 | Temple   | Became a worshipper of Warmaster Okawaru
  5968 | D:2      | Killed Natasha
  6046 | D:2      | Noticed Natasha
  6053 | D:2      | Killed Natasha
  6126 | D:2      | Noticed Natasha
  6139 | D:2      | Killed Natasha
  6278 | D:3      | Noticed Jessica
  6282 | D:3      | Killed Jessica
  6653 | D:3      | Found a runed door.
  6658 | D:3      | Noticed Crazy Yiuf
  6668 | D:3      | Killed Crazy Yiuf
  6668 | D:3      | Reached XP level 9. HP: 89/89 MP: 11/15
  6927 | D:6      | Reached skill level 9 in Maces & Flails
  7967 | D:7      | Reached skill level 5 in Dodging
  8174 | D:7      | Reached skill level 10 in Maces & Flails
  8594 | D:8      | Reached * piety under Okawaru
  8679 | D:8      | Noticed a two-headed ogre
  8689 | D:8      | Killed a two-headed ogre
  8819 | D:8      | Reached skill level 11 in Maces & Flails
  8885 | D:8      | Found a staircase to the Lair.
  8885 | D:8      | Noticed an elephant
  9376 | D:8      | Reached ** piety under Okawaru
  9376 | D:8      | Reached XP level 10. HP: 79/104 MP: 16/16
  9666 | D:8      | Reached skill level 12 in Maces & Flails
  9865 | D:8      | Killed an elephant
 10186 | Lair:1   | Entered Level 1 of the Lair of Beasts
 10214 | Lair:1   | Found a shattered altar of Ashenzari.
 10307 | Lair:1   | Reached *** piety under Okawaru
 10499 | Lair:1   | Reached skill level 13 in Maces & Flails
 11338 | Lair:1   | Noticed a spiny frog
 11350 | Lair:1   | Killed a spiny frog
 11543 | Lair:1   | Reached **** piety under Okawaru
 11775 | Lair:2   | Reached XP level 11. HP: 111/117 MP: 17/17
 11904 | Lair:2   | Noticed a five-headed hydra
 12281 | Lair:2   | Reached skill level 10 in Fighting
 12295 | Lair:2   | Reached skill level 14 in Maces & Flails
 12659 | Lair:2   | Found a shimmering altar of Xom.
 12670 | Lair:2   | Found a staircase to the Snake Pit.
 13262 | Lair:2   | Killed a five-headed hydra
 13807 | Lair:3   | Reached skill level 15 in Maces & Flails
 13822 | Lair:3   | Reached ***** piety under Okawaru
 14258 | Lair:3   | Found a staircase to the Shoals.
 14816 | Lair:4   | Reached skill level 16 in Maces & Flails
 14821 | Lair:4   | Reached XP level 12. HP: 72/130 MP: 18/18
 14855 | Lair:4   | Received a gift from Okawaru
 14962 | Lair:4   | Reached skill level 17 in Maces & Flails
 15203 | Lair:4   | Noticed a four-headed hydra
 15212 | Lair:4   | Killed a four-headed hydra
 15319 | Lair:5   | Noticed a death yak
 15322 | Lair:5   | Noticed a death yak
 15323 | Lair:5   | Noticed a death yak
 15324 | Lair:5   | Noticed a death yak
 15329 | Lair:4   | Killed a death yak
 15332 | Lair:5   | Noticed a death yak
 15365 | Lair:4   | Killed a death yak
 15365 | Lair:4   | Reached ****** piety under Okawaru
 15373 | Lair:4   | Killed a death yak
 15373 | Lair:4   | Received a gift from Okawaru
 15373 | Lair:4   | Reached skill level 18 in Maces & Flails
 15383 | Lair:4   | Got an ichor-stained pearl dragon armour {god gift}
 15394 | Lair:4   | Identified the +3 pearl dragon armour of Action {rC+ rN+ Int+4} (Okawaru gifted it to you on level 4 of the Lair of Beasts)
 15486 | Lair:5   | Noticed Rupert
 15505 | Lair:5   | Killed Rupert
 15505 | Lair:5   | Reached skill level 19 in Maces & Flails
 15653 | Lair:5   | Noticed a death yak
 15653 | Lair:5   | Noticed a death yak
 15653 | Lair:5   | Noticed a death yak
 15653 | Lair:5   | Noticed a death yak
 15653 | Lair:5   | Noticed a death yak
 15653 | Lair:5   | Noticed a death yak
 15692 | Lair:5   | Killed a death yak
 15697 | Lair:5   | Killed a death yak
 15707 | Lair:5   | Killed a death yak
 15707 | Lair:5   | Reached XP level 13. HP: 130/137 MP: 19/19
 15722 | Lair:5   | Reached skill level 20 in Maces & Flails
 15857 | Lair:5   | Received a gift from Okawaru
 15875 | Lair:5   | Gained mutation: You have a pair of horns on your head. [potion of mutation]
 15875 | Lair:5   | Gained mutation: Armour fits poorly on your strangely shaped body. [potion of mutation]
 15876 | Lair:5   | Lost mutation: Armour fits poorly on your strangely shaped body. [potion of cure mutation]
 15876 | Lair:5   | Lost mutation: You have a pair of horns on your head. [potion of cure mutation]
 15876 | Lair:5   | Lost mutation: You have large cloven feet. [potion of cure mutation]
 15876 | Lair:5   | Lost mutation: You have a pair of small horns on your head. [potion of cure mutation]
 15876 | Lair:5   | Lost mutation: Your mind is acute. (Int +2) [potion of cure mutation]
 15876 | Lair:5   | Lost mutation: Your body sometimes deteriorates upon taking damage. [potion of cure mutation]
 16369 | Lair:6   | Entered Level 6 of the Lair of Beasts
 16385 | Lair:5   | Reached skill level 21 in Maces & Flails
 16765 | Lair:6   | Received a gift from Okawaru
 16772 | Lair:6   | Got an ancient giant spiked club {god gift}
 16773 | Lair:6   | Identified the +3 giant spiked club of the Present {elec, Str+4} (Okawaru gifted it to you on level 6 of the Lair of Beasts)
 17028 | Lair:6   | Reached skill level 22 in Maces & Flails
 17315 | Lair:6   | Received a gift from Okawaru
 17358 | Lair:6   | Noticed a fire dragon
 17377 | Lair:6   | Killed a fire dragon
 17377 | Lair:6   | Reached XP level 14. HP: 60/146 MP: 20/20
 17729 | Lair:6   | Found a viscous altar of Jiyva.
 17730 | Lair:6   | Found a staircase to the Slime Pits.
 17945 | Snake:1  | Entered Level 1 of the Snake Pit
 18085 | Snake:1  | Reached skill level 23 in Maces & Flails
 18389 | Snake:1  | Received a gift from Okawaru
 18394 | Snake:1  | Got a translucent cloak {god gift}
 18405 | Snake:1  | Identified the +0 cloak "Byefrifi" {rN+} (Okawaru gifted it to you on level 1 of the Snake Pit)
 18749 | Snake:1  | Found a shattered altar of Ashenzari.
 18796 | Snake:1  | Slain by a naga warrior

Vault maps used:
D:1:      dpeg_arrival_shelter, nrook_uturn, minivault_27, minmay_bisected
D:2:      minitemple, minmay_misc_feat_rows, nicolae_gozag_zags_fifth_avenue,
          uniq_sigmund, uniq_natasha, uniq_iyjb
D:3:      hangedman_decor_riveting, supply_closet_lemuel, corexii_shack,
          due_unseen_surprise, uniq_crazy_yiuf_cottage, uniq_jessica
D:4:      portal_sewer_entry_b, first_bread, uniq_grinder
D:5:      wad_pebble_path, minivault_1, nicolae_dithmenos_shadow_blocks
D:6:      minmay_misc_feat_square
D:8:      david_lair_generic, hangedman_pestilent_swarm,
          minmay_unpleasant_kobolds
Temple:   regret_index_temple_sphere_string
Lair:1:   basic_altar
Lair:2:   guppyfry_snake_entry_island, basic_altar
Lair:3:   elwin_shoals_entry_rooms, beast_lair_carwin_11
Lair:5:   mumra_transporter_accident, serial_bayou_shore_b, lemuel_fruit_fields,
          uniq_rupert
Lair:6:   guppyfry_lair_end_dragon, dpeg_slime_entry_enclosed_altar,
          bh_autumn_forest_stairs
Snake:1:  basic_altar, grunt_megastairs_3

Skill      XL: |  1  2  3  4  5  6  7  8  9 10 11 12 13 14 |
---------------+-------------------------------------------+-----
Spellcasting   | 4 |  4.0
Conjurations   | 1 3 4 |  4.0
Maces & Flails | 1 3 6 8 11 13 16 19 22 23 | 23.8
Fighting       | 2 4 6 8 9 11 | 11.2
Dodging        | 2 3 4 5 7 8 |  8.0
Stealth        | |  1.5
Summonings     | |  0.6
Translocations | |  0.6

Action                   |  1- 3 |  4- 6 |  7- 9 | 10-12 | 13-15 || total
-------------------------+-------+-------+-------+-------+-------++-------
Melee: Unarmed           |     1 |       |       |       |       ||     1
       Club              |    55 |       |       |       |       ||    55
       Trident           |       |    74 |       |       |       ||    74
       Whip              |       |    11 |   586 |   442 |       ||  1039
       Kick              |       |       |   130 |   210 |    24 ||   364
       Headbutt          |       |       |    94 |   152 |    17 ||   263
       Morningstar       |       |       |       |    12 |       ||    12
       Giant spiked club |       |       |       |   125 |   467 ||   592
 Cast: Magic Dart        |    52 |    29 |    12 |       |       ||    93
       Repel Missiles    |     1 |       |       |       |       ||     1
       Mephitic Cloud    |     4 |     6 |    23 |    26 |       ||    59
       Call Imp          |       |       |     5 |     3 |       ||     8
       Conjure Flame     |       |       |     6 |    24 |       ||    30
       Blink             |       |       |     2 |     7 |       ||     9
Evoke: Wand              |       |       |     1 |       |       ||     1
  Use: Potion            |       |       |     2 |     8 |     4 ||    14
       Scroll            |       |       |     6 |    13 |     7 ||    26
 Stab: Confused          |     2 |     3 |    21 |    25 |     4 ||    55
       Sleeping          |       |     1 |     3 |     1 |       ||     5
  Eat: Chunk             |     1 |     5 |    42 |    23 |    21 ||    92
Armor: Robe              |    15 |    13 |    83 |    38 |       ||   149
       Pearl dragon armo |       |       |       |    12 |   272 ||   284
Dodge: Dodged            |    29 |    38 |   227 |   177 |   294 ||   765
       Deflected         |     2 |       |       |       |       ||     2
